Map: Distant Plane

Players

Jeroru

  • Race: Terran Terran
  • League: Diamond
  • Spawn Location: 7:00

WiKiwi

  • Race: Protoss Protoss
  • Spawn Location: 7:00

Loken - Winner!

  • Race: Zerg Zerg
  • League: Platinum
  • Spawn Location: 11:00

dallaskuken - Winner!

  • Race: Protoss Protoss
  • League: Platinum
  • Spawn Location: 11:00

VOD

Have the link to the VOD?

Description

Time

  • Played on: March 27, 2017, 5:47 p.m.
  • Length: 11:26
Show
View Real Time Build Order
Export as new Build Order

Jeroru Terran 

Build Orders:  

Get SALT Encoding   

  12  0:01  SCV  
  13  0:19  Supply Depot  
  13  0:20  SCV  
  14  0:32  SCV  
  15  0:42  Barracks  
  15  0:44  SCV  
  15  0:47  Refinery  
  16  0:57  Refinery  
  16  0:59  SCV  
  17  1:11  SCV  
  18  1:23  SCV  
  19  1:30  Reaper  
  20  1:33  Supply Depot  
  20  1:35  SCV  
  21  1:47  SCV  
  22  2:01  Factory  
  22  2:34  Barracks Reactor  
  22  3:17  Marine  
  22  3:18  Marine  
  24  3:24  Starport  
  24  3:30  Orbital Command  
  24  3:35  Marine  
  24  3:36  Marine  
  26  3:53  Marine x2  
  26  3:54  Command Center  
  27  4:11  Marine x2  
  29  4:18  Medivac  
  31  4:38  Supply Depot  
  31  4:57  Engineering Bay  
  31  4:59  Marine x2, Medivac  
  35  5:00  SCV  
  35  5:01  Supply Depot  
  36  5:07  Factory Tech Lab  
  36  5:12  SCV  
  37  5:17  Marine x2  
  39  5:24  Barracks, Supply Depot  
  39  5:26  Terran Infantry Weapons Level 1  
  39  5:35  Marine x2  
  41  5:44  Siege Tank  
  41  5:47  Supply Depot  
  44  5:53  Marine x2  
  45  6:09  Supply Depot  
  45  6:10  Starport Reactor  
  45  6:11  Marine  
  46  6:16  Siege Tank  
  42  6:37  Liberator  
  33  8:03  Marine  
  33  8:04  Marine x2  
  36  8:21  Marine  
  36  8:22  Marine x2  
  37  8:39  Marine x3  
  38  8:55  Command Center  
  38  8:57  Marine x2  
  41  9:14  Supply Depot  
  41  9:15  Marine  
  41  9:17  Barracks Reactor  
  38  9:51  Supply Depot  
  38  9:55  Marine x2  
  40  10:12  Marine  
  40  10:13  Marine, Supply Depot  
  42  10:30  Marine  
  42  10:31  Marine  
  44  10:38  Refinery  
  44  10:48  Marine  
  44  10:49  Marine  
Show
View Real Time Build Order
Export as new Build Order

WiKiwi Protoss 

Build Orders:  

Get SALT Encoding   

  12  0:04  Probe (Chrono Boost)  
  13  0:23  Pylon  
  13  0:25  Probe (Chrono Boost)  
  14  0:36  Probe (Chrono Boost)  
  15  0:46  Probe (Chrono Boost)  
  15  0:49  Gateway  
  17  0:57  Probe (Chrono Boost)  
  17  1:07  Probe (Chrono Boost)  
  18  1:24  Assimilator  
  18  1:40  Zealot  
  20  1:55  Pylon  
  20  2:42  Cybernetics Core  
  20  2:45  Gateway  
  20  3:05  Gateway  
  20  3:16  Warp Gate  
  20  3:21  Nexus  
  20  3:27  Pylon  
  20  3:35  Assimilator  
  20  3:41  Mothership Core (Chrono Boost)  
  22  4:01  Gateway, Probe (Chrono Boost)  
  23  4:10  Twilight Council  
  23  4:12  Pylon  
  23  4:13  Probe (Chrono Boost)  
  25  4:25  Probe (Chrono Boost)  
  25  4:37  Probe (Chrono Boost)  
  25  4:38  Robotics Facility  
  26  4:49  Forge, Probe (Chrono Boost)  
  27  4:56  Pylon  
  27  4:58  Zealot  
  29  5:09  Assimilator  
  29  5:12  Probe (Chrono Boost)  
  30  5:23  Probe (Chrono Boost), Charge  
  31  5:33  Probe (Chrono Boost)  
  31  5:34  Zealot  
  31  5:35  Zealot x2  
  38  5:44  Probe (Chrono Boost)  
  39  5:52  Zealot  
  39  5:55  Probe (Chrono Boost)  
  42  5:57  Stalker  
  42  5:58  Stalker  
  42  6:02  Immortal  
  50  6:05  Probe (Chrono Boost)  
  47  6:16  Probe (Chrono Boost)  
  47  6:18  Stalker x2  
  50  6:21  Stalker  
  50  6:23  Stalker  
  56  6:26  Probe (Chrono Boost)  
  53  6:42  Mothership Core (Chrono Boost)  
  53  6:45  Assimilator  
  47  7:00  Probe (Chrono Boost)  
  40  7:10  Probe (Chrono Boost)  
  41  7:22  Mothership Core (Chrono Boost)  
  37  7:24  Stalker x2  
  37  7:26  Stalker  
  37  7:50  Stalker  
  37  7:52  Stalker  
  37  7:54  Stalker  
  41  8:16  Probe (Chrono Boost)  
  39  8:27  Probe (Chrono Boost)  
  35  8:37  Probe (Chrono Boost)  
  31  8:49  Stalker x2  
  31  8:50  Stalker  
  35  9:08  Blink  
  35  9:15  Stalker  
  35  9:16  Stalker  
  38  10:37  Gateway  
  38  10:40  Gateway, Nexus  
  38  10:51  Pylon  
  38  11:00  Pylon  
  38  11:04  Pylon  
Show
View Real Time Build Order
Export as new Build Order

Loken Zerg - Winner!

Build Orders: Pool First 

Get SALT Encoding   

  12  0:05  Drone  
  13  0:10  Drone  
  14  0:18  Overlord  
  14  0:37  Drone x2  
  14  0:42  Drone  
  17  0:46  Spawning Pool  
  17  0:49  Drone  
  17  1:00  Drone  
  18  1:11  Drone  
  19  1:22  Drone  
  19  1:25  Hatchery  
  19  1:32  Queen  
  19  1:36  Extractor  
  19  1:38  Overlord  
  20  1:59  Drone x2  
  22  2:07  Drone  
  23  2:30  Zergling x4  
  25  2:40  Queen  
  27  2:47  Zergling x8  
  31  2:55  Metabolic Boost  
  30  3:23  Zergling x10  
  30  3:24  Overlord  
  30  3:25  Overlord x2  
  35  3:31  Pneumatized Carapace  
  35  3:37  Extractor  
  34  3:46  Drone x4  
  38  4:12  Drone x6  
  44  4:27  Evolution Chamber  
  44  4:30  Evolution Chamber  
  42  4:34  Drone  
  42  4:35  Drone x8  
  51  4:46  Spore Crawler  
  51  4:49  Spore Crawler  
  51  4:51  Drone x2  
  51  4:58  Zerg Melee Weapons Level 1  
  51  4:59  Zerg Ground Armor Level 1  
  51  5:13  Zergling x2  
  54  5:14  Zergling x14  
  59  5:21  Overlord x2  
  59  5:49  Zergling x16  
  67  5:59  Lair  
  67  6:01  Zergling x2  
  67  6:02  Zergling x8  
  68  6:33  Zergling x2  
  68  6:34  Zergling x16  
  69  6:49  Extractor  
  69  6:52  Extractor  
  67  7:03  Zergling x10  
  72  7:13  Hatchery  
  71  7:22  Zergling x8  
  72  7:34  Zergling x6  
  72  7:36  Overlord  
  75  7:37  Overlord  
  75  7:53  Overlord  
  75  7:54  Overlord x3  
  75  7:59  Hatchery  
  75  8:00  Zerg Melee Weapons Level 2, Zerg Ground Armor Level 2  
  74  8:07  Infestation Pit  
  74  8:10  Drone x2, Spire  
  49  8:38  Zergling x2  
  49  8:39  Zergling x14  
  47  8:56  Drone  
  47  8:57  Drone x4  
  52  9:08  Drone  
  52  9:09  Drone x3  
  46  9:33  Mutalisk  
  46  9:34  Mutalisk x7  
  46  9:38  Mutalisk x2  
  66  9:47  Mutalisk  
  66  9:48  Mutalisk x3  
  74  9:55  Extractor  
  74  9:56  Extractor  
  72  10:03  Zergling x24  
  84  10:15  Hatchery  
  83  10:47  Mutalisk x5  
  93  10:50  Zergling x2  
  93  10:51  Zergling x28  
Show
View Real Time Build Order
Export as new Build Order

dallaskuken Protoss - Winner!

Build Orders:  

Get SALT Encoding   

  12  0:02  Probe (Chrono Boost)  
  13  0:13  Pylon  
  13  0:19  Probe (Chrono Boost)  
  14  0:30  Probe (Chrono Boost)  
  15  0:38  Forge  
  15  0:44  Probe (Chrono Boost)  
  16  0:54  Probe (Chrono Boost)  
  17  0:59  Gateway  
  17  1:05  Probe (Chrono Boost)  
  18  1:15  Probe (Chrono Boost)  
  19  1:26  Probe (Chrono Boost)  
  19  1:30  Assimilator  
  20  1:36  Probe (Chrono Boost)  
  20  1:38  Pylon  
  21  1:46  Cybernetics Core  
  22  1:47  Probe (Chrono Boost)  
  22  1:57  Pylon  
  22  2:13  Probe (Chrono Boost)  
  22  2:30  Assimilator  
  22  2:36  Stalker  
  24  3:02  Warp Gate  
  24  3:07  Stalker  
  26  3:23  Pylon  
  26  3:35  Gateway x2  
  26  3:38  Gateway  
  26  3:40  Stalker  
  28  3:42  Pylon  
  28  3:55  Mothership Core (Chrono Boost)  
  30  4:11  Stalker  
  32  4:27  Protoss Ground Weapons Level 1  
  32  4:30  Robotics Facility  
  32  4:33  Photon Cannon  
  32  5:12  Stalker x3  
  32  5:13  Stalker  
  32  5:14  Nexus  
  40  5:18  Pylon  
  40  5:22  Pylon  
  40  5:29  Assimilator  
  40  5:33  Probe (Chrono Boost)  
  40  5:35  Assimilator  
  41  5:45  Stalker, Probe (Chrono Boost)  
  45  5:57  Probe (Chrono Boost)  
  45  6:09  Probe (Chrono Boost)  
  46  6:17  Stalker x4  
  38  7:22  Stalker  
  38  7:23  Stalker x3  
  46  7:31  Probe (Chrono Boost)  
  47  7:41  Probe (Chrono Boost)  
  48  7:52  Probe (Chrono Boost)  
  48  7:56  Stalker x4  
  57  7:59  Immortal  
  57  8:02  Probe (Chrono Boost)  
  62  8:09  Pylon  
  62  8:11  Pylon  
  62  8:13  Probe (Chrono Boost)  
  57  8:34  Stalker x2  
  57  8:35  Stalker x2  
  63  9:40  Stalker x4  
  63  9:41  Twilight Council  
  63  9:43  Probe (Chrono Boost)  
  72  9:52  Pylon  
  72  9:54  Pylon, Probe (Chrono Boost)  
  72  9:56  Pylon  
  73  10:04  Probe (Chrono Boost)  
  74  10:09  Immortal  
  78  10:15  Probe (Chrono Boost)  
  78  10:20  Robotics Bay  
  79  10:25  Probe (Chrono Boost)  
  80  10:36  Probe (Chrono Boost)  
  81  10:46  Probe (Chrono Boost)  
  82  11:18  Nexus  
Tags
 
Add a new tag
Caveats
  • Supply blocks, unpowered buildings, or Contaminate may cause inaccurate times.
  • Supply counts are checked every 10 seconds.